 Dungeon Crawl Stone Soup version 0.27-a0-1322-gfdffb62a71 (webtiles) character file.

Game seed: 13405638340058140664

49 ipx the Firebug (level 3, -4/19 HPs)
             Began as a Deep Elf Fire Elementalist on June 22, 2021.
             Slain by Sigmund (7 damage)
             ... on level 2 of the Dungeon.
             The game lasted 00:07:56 (624 turns).

ipx the Firebug (Deep Elf Fire Elementalist)         Turns: 624, Time: 00:07:57

Health: -4/19      AC:  3    Str:  5    XL:     3   Next: 53%
Magic:  6/9        EV: 12    Int: 20    God:
Gold:   35         SH:  0    Dex: 15    Spells: 4/8 levels left

rFire    + . .     SeeInvis .   (no weapon)
rCold    . . .     Faith    .   (no shield)
rNeg     . . .     Spirit   .   a - +0 robe
rPois    .         Reflect  .   d - +0 helmet
rElec    .         Harm     .   (no cloak)
rCorr    .         Rampage  .   (no gloves)
Will     .....                  (no boots)
Stlth    ++........             (no amulet)
HPRegen  0.06/turn              (no ring)
MPRegen  0.11/turn              (no ring)

@: mighty, on berserk cooldown, attractive, flying, slowed, very slow
A: hooves 1, fire resistance 1
a: no special abilities


You were on level 2 of the Dungeon.
You visited 1 branch of the dungeon, and saw 2 of its levels.

You collected 35 gold pieces.

Inventory:

Armour
 a - a +0 robe (worn)
 d - a +0 helmet (worn)
Scrolls
 e - a scroll of enchant armour {unknown}
 g - a scroll of immolation {unknown}
 i - a scroll of holy word {unknown}
 k - 2 scrolls of teleportation {unknown}
Potions
 j - a potion of magic


   Skills:
 - Level 2.4 Dodging
 - Level 2.4 Stealth
 - Level 3.0 Spellcasting
 * Level 3.2 Conjurations
 + Level 3.9 Fire Magic


You had 4 spell levels left.
You knew the following spells:

 Your Spells              Type           Power      Damage    Failure   Level
f - Conjure Flame         Conj/Fire      17%        6-21      10%         3
z - Foxfire               Conj/Fire      68%        2x1d7     3%          1

Your spell library contained the following spells:

 Spells                   Type           Power      Damage    Failure   Level
 Animate Skeleton         Necr           6%         N/A       14%         1
 Pain                     Necr           12%        1d4       14%         1
 Inner Flame              Hex/Fire       10%        N/A       19%         3
 Sticky Flame             Conj/Fire      17%        2d4       32%         4
 Vampiric Draining        Necr           1%         2d6       38%         3
 Animate Dead             Necr           1%         N/A       80%         4
 Fireball                 Conj/Fire      8%         3d6       65%         5
 Agony                    Necr           3%         N/A       98%         5


Dungeon Overview and Level Annotations

Branches:
Dungeon (2/15)

Altars:

Annotations:
D:2 Sigmund


Innate Abilities, Weirdness & Mutations

You have large cloven feet.
Your flesh is heat resistant. (rF+)


Message History

It was a potion of might.
You feel very mighty all of a sudden.
Okay, then.
It was a potion of flight.
You feel very buoyant.
You fly up into the air.
Sigmund is pulled toward you!
It was a potion of heal wounds.
You feel much better.
Sigmund zaps a wand.
The puff of flame hits you!
It was a potion of mutation.
You feel extremely strange.
You feel resistant to heat.
Your feet thicken and deform.
Sigmund barely misses you. Sigmund hits you but does no damage.
Casting: Foxfire (safe; 3% risk of failure)
Confirm with . or Enter, or press ? or * to list all spells.
You conjure some foxfire!
Sigmund barely misses you.
Casting: Foxfire (safe; 3% risk of failure)
Confirm with . or Enter, or press ? or * to list all spells.
You conjure some foxfire!
The foxfire hits Sigmund.
Sigmund is lightly wounded.
The foxfire hits Sigmund.
Sigmund is moderately wounded.
Sigmund zaps a wand.
The puff of flame hits you but does no damage.
Sigmund barely misses you.
Casting: Foxfire (safe; 3% risk of failure)
Confirm with . or Enter, or press ? or * to list all spells.
You conjure some foxfire!
The foxfire hits Sigmund but does no damage.
Sigmund is moderately wounded.
Sigmund hits you with a +0 scythe!
* * * LOW HITPOINT WARNING * * *
Casting: Foxfire (safe; 3% risk of failure)
Confirm with . or Enter, or press ? or * to list all spells.
You conjure some foxfire!
The foxfire hits Sigmund.
Sigmund is heavily wounded.
The foxfire hits Sigmund.
Sigmund is heavily wounded.
The foxfire hits Sigmund.
Sigmund is heavily wounded.
Sigmund closely misses you. Sigmund hits you with a +0 scythe!
You die...

######### ###.......##
#..[.......# ...8..8....##
............# .8......8)§§#
#..........§.@# ######.
#..........§v@#####.......
..8......8........@......
..........#####......... ####
...8..8..†#####......... ...#
#.............#.........
##.#####...........#.........
#..####†..........#.........
##..........................


You could see Sigmund (ally target).

Vanquished Creatures
  Terence (D:2)
  2 dart slugs (D:2)
  4 endoplasms
  A hobgoblin (D:2)
  2 quokkas (D:2)
  3 ball pythons (D:1)
  A bat (D:1)
  5 frilled lizards
  2 kobolds
  2 rats (D:1)
23 creatures vanquished.

Vanquished Creatures (others)
  79 foxfires
79 creatures vanquished.

Grand Total: 102 creatures vanquished

Notes
Turn   | Place    | Note
-------+----------+-------------------------------------------
     0 | D:1      | ipx the Deep Elf Fire Elementalist began the quest for the
                  | Orb.
     0 | D:1      | Reached XP level 1. HP: 10/10 MP: 6/6
   320 | D:1      | Reached XP level 2. HP: 15/15 MP: 4/8
   449 | D:2      | Noticed Terence
   457 | D:2      | Killed Terence
   458 | D:2      | Reached XP level 3. HP: 19/19 MP: 1/9
   462 | D:2      | Learned a level 3 spell: Conjure Flame
   605 | D:2      | Noticed Sigmund
   620 | D:2      | Gained mutation: Your flesh is heat resistant. (rF+)
                  | [potion of mutation]
   620 | D:2      | Gained mutation: You have large cloven feet. [potion of
                  | mutation]
   624 | D:2      | Slain by Sigmund

Illustrated notes

Levels and vault maps discovered:
D:1:      lightli_arrival_quake, layout_basic
D:2:      layout_rooms, serial_curves, eino_curves_03, eino_curves_03,
          corexii_shack, minmay_misc_feat_plants, uniq_terence,
          uniq_crazy_yiuf_cottage, uniq_sigmund

Skill      XL: |  1  2 |
---------------+-------+-----
Conjurations   | 2 3 |  3.2
Dodging        | |  2.4
Stealth        | |  2.4
Spellcasting   | |  3.0
Fire Magic     | |  3.9

Action                   || total
-------------------------++-------
 Cast: Foxfire           ||    49
  Use: Potion            ||     7
Armor: Robe              ||     2
Dodge: Dodged            ||     4

Table legend: (Time is in decaauts)
 A = Elapsed time spent in this place.
 B = Non-inter-level travel time spent in this place.
 C = Inter-level travel time spent in this place.
 D = Time resting spent in this place.
 E = Time spent auto-exploring this place.
 F = Levels seen in this place.
 G = Mean time per level.
                   A        B        C        D        E       F      G
               +--------+--------+--------+--------+--------+-----+--------+
         Total |    627 |    613 |     14 |      0 |      0 |   2 |  313.5 |
       Dungeon |    627 |    613 |     14 |      0 |      0 |   2 |  313.5 |
               +--------+--------+--------+--------+--------+-----+--------+

Top non-repeatable levels by time:
     D:1: 386 daAuts
     D:2: 240 daAuts
